 Dungeon Crawl Stone Soup version 0.31-a0-986-g5e6e4ef867 (webtiles) character file.

Game seed: 3246333059596729100

386933 jasper the Phalangite (level 23, 227/227 HPs)
             Began as a Hill Orc Delver on Nov 15, 2023.
             Was a Follower of Uskayaw.
             Quit the game on level 2 of the Depths on Nov 18, 2023.
             The game lasted 02:00:04 (53383 turns).

jasper the Phalangite (Hill Orc Delver)            Turns: 53383, Time: 02:00:05

Health: 227/227    AC: 32    Str: 25    XL:     23   Next: 1%
Magic:  26/26      EV: 25    Int: 12    God:    Uskayaw [*.....]
Gold:   1194       SH:  0    Dex: 20    Spells: 22/22 levels left

rFire   + + .        l - +5 scythe "Finisher" {speed, execute}
rCold   + . .        (shield currently unavailable)
rNeg    + + +        t - +9 plate armour of Fashionability {MP-9 Int+2 Dex+2 SInv}
rPois   +            N - -2 hat of the Alchemist {rElec rPois rF+ rC+ rN+ Will+ rMut rCorr}
rElec   +            J - scarf of Fresh Joy {shadows, Contam rPois rN+ Slay+2}
rCorr   +            a - +2 pair of gloves {Str+3}
SInv    +            k - +0 pair of boots
Will    ++...        q - amulet of regeneration Stlth
                     m - ring of the Hare {EV+10}
HPRegen 1.37/turn    f - ring "Fixkynosh" {rF+ rN+ Str+2}
MPRegen 0.20/turn

%: resist mutation
@: studying 2 skills
A: no striking features
}: 2/15 runes: serpentine, barnacled
a: Renounce Religion, Stomp


You were on level 2 of the Depths.
You worshipped Uskayaw.
Uskayaw was most pleased with you.
You visited 8 branches of the dungeon, and saw 39 of its levels.
You visited the Abyss 1 time.
You also visited: Bailey, Gauntlet and Ice Cave.

You collected 8775 gold pieces.
You spent 7581 gold pieces at shops.

Inventory:

Hand Weapons
 l - the +5 scythe "Finisher" (weapon) {speed, execute}
   (You found it on level 4 of the Dungeon)
Missiles
 n - 6 curare-tipped darts
 s - 31 javelins
 v - 36 boomerangs (quivered)
 I - 4 darts of dispersal
 R - 8 silver javelins
 Y - 6 throwing nets
Armour
 a - a +2 pair of gloves of strength (worn)
 k - a +0 pair of boots (worn)
 t - the +9 plate armour of Fashionability (worn) {MP-9 Int+2 Dex+2 SInv}
   (You bought it in a shop on level 2 of the Orcish Mines)

   Int+2:     It affects your intelligence (+2).
   Dex+2:     It affects your dexterity (+2).
   MP-9:      It affects your magic capacity (-9).
   SInv:      It lets you see invisible.
 J - the scarf of Fresh Joy (worn) {shadows, Contam rPois rN+ Slay+2}
   (You acquired it on level 2 of the Elven Halls)

   Slay+2:    It affects your accuracy & damage with ranged weapons and melee
   (+2).
   rPois:     It protects you from poison rN+: It protects you from negative
   energy.
   Contam:    It causes magical contamination when unequipped.
 N - the -2 hat of the Alchemist (worn) {rElec rPois rF+ rC+ rN+ Will+ rMut rCorr}
   (You found it on level 3 of the Elven Halls)

   rF+:       It protects you from fire.
   rC+:       It protects you from cold.
   rElec:     It insulates you from electricity.
   rPois:     It protects you from poison rN+: It protects you from negative
   energy.
   Will+:     It increases your willpower.
   rCorr:     It protects you from acid and corrosion.
   rMut:      It protects you from mutation.
Jewellery
 d - the ring of Fup Heat {rElec Will+ Str+2}
   (You found it on level 3 of the Elven Halls)

   [ring of willpower]

   Str+2:     It affects your strength (+2).
   rElec:     It insulates you from electricity.
   Will+:     It increases your willpower.
 f - the ring "Fixkynosh" (right hand) {rF+ rN+ Str+2}
   (You bought it in a shop on level 1 of the Elven Halls)

   [ring of protection from fire]

   Str+2:     It affects your strength (+2).
   rF+:       It protects you from fire.
   rN+:       It protects you from negative energy.
 m - the ring of the Hare (left hand) {EV+10}
   (You bought it in a shop on level 2 of the Orcish Mines)

   [ring of evasion]

   EV+10:     It affects your evasion (+10).
 o - the ring "Kuer" {rN+++ Str+6 Int-3 Dex-3 Stlth+}
   (You found it on level 3 of the Elven Halls)

   [ring of strength]

   Str+6:     It affects your strength (+6).
   Int-3:     It affects your intelligence (-3).
   Dex-3:     It affects your dexterity (-3).
   rN+++:     It renders you almost immune to negative energy.
   Stlth+:    It makes you more stealthy.
 q - an amulet of regeneration (around neck)
 C - a ring of protection from fire
 L - the ring "Moirphun" {+Blink Fly rElec}
   (You bought it in a shop on level 8 of the Dungeon)

   [ring of flight]

   rElec:     It insulates you from electricity.
   Fly:       It grants you flight.
   +Blink:    It lets you blink.
 M - an amulet of magic regeneration
 U - a ring of resist corrosion
 V - a ring of ice
Wands
 g - a wand of digging (18)
 x - a wand of flame (19)
 y - a wand of mindburst (47)
 A - a wand of paralysis (32)
 D - a wand of iceblast (46)
 H - a wand of quicksilver (41)
Scrolls
 b - a scroll of torment
 c - 4 scrolls of fog
 e - 5 scrolls of vulnerability
 h - 4 scrolls of silence
 j - 5 scrolls of blinking
 u - 19 scrolls of teleportation
 w - a scroll of immolation
 E - 3 scrolls of enchant armour
 Q - 6 scrolls of fear
 X - 3 scrolls of summoning
Potions
 i - 4 potions of enlightenment
 p - 10 potions of lignification
 r - 14 potions of curing
 z - a potion of magic
 B - 6 potions of cancellation
 F - 5 potions of attraction
 G - 5 potions of mutation
 K - 3 potions of heal wounds
 O - 7 potions of haste
 P - 3 potions of berserk rage
 S - 5 potions of resistance
 T - 8 potions of invisibility
 W - 2 potions of ambrosia
 Z - 7 potions of might


   Skills:
 * Level 23.3 Fighting
 - Level 4.0(21.3) Axes
 - Level 26.9(27) Polearms
 - Level 3.0 Throwing
 + Level 20.5 Armour
 + Level 11.8 Dodging
 - Level 4.1 Stealth
 + Level 17.4 Invocations


You had 22 spell levels left.
You didn't know any spells.
Your spell library contained the following spells:

 Spells                   Type           Power      Damage    Failure   Level
 Apportation              Tloc           0%         N/A       86%         1
 Foxfire                  Conj/Fire      0%         2x1d4     86%         1
 Kiss of Death            Conj/Necr      0%         2d5       86%         1
 Magic Dart               Conj           0%         1d3       86%         1
 Necrotise                Necr           0%         1d4       86%         1
 Shock                    Conj/Air       0%         1d3       86%         1
 Slow                     Hex            0%         N/A       86%         1
 Sting                    Tmut/Pois      0%         1d3       86%         1
 Summon Small Mammal      Summ           0%         N/A       86%         1
 Call Imp                 Summ           0%         N/A       94%         2
 Cigotuvi's Dreadful Rot  Necr/Pois/Air  0%         N/A       94%         2
 Ensorcelled Hibernation  Hex/Ice        0%         N/A       94%         2
 Jinxbite                 Hex            0%         N/A       94%         2
 Passwall                 Tmut/Erth      0%         N/A       94%         2
 Poisonous Vapours        Pois/Air       0%         N/A       94%         2
 Call Canine Familiar     Summ           0%         N/A       99%         3
 Confusing Touch          Hex            0%         N/A       99%         3
 Gell's Gravitas          Tloc           0%         N/A       99%         3
 Ignite Poison            Fire/Tmut/Pois 0%         N/A       99%         3
 Inner Flame              Hex/Fire       0%         N/A       99%         3
 Mephitic Cloud           Conj/Pois/Air  0%         N/A       99%         3
 Ozocubu's Armour         Ice            0%         N/A       99%         3
 Sigil of Binding         Hex            0%         N/A       99%         3
 Stone Arrow              Conj/Erth      0%         3d7       99%         3
 Summon Guardian Golem    Hex/Summ       0%         N/A       99%         3
 Swiftness                Air            0%         N/A       99%         3
 Teleport Other           Tloc           0%         N/A       99%         3
 Tukima's Dance           Hex            0%         N/A       99%         3
 Vampiric Draining        Necr           0%         2d6       99%         3
 Airstrike                Air            0%         2d(0-16)  100%        4
 Anguish                  Hex/Necr       0%         N/A       100%        4
 Animate Armour           Summ/Erth      0%         N/A       100%        4
 Cause Fear               Hex            0%         N/A       100%        4
 Dispel Undead            Necr           0%         3d6       100%        4
 Flame Wave               Conj/Fire      0%         2d4       100%        4
 Manifold Assault         Tloc           0%         N/A       100%        4
 Olgreb's Toxic Radiance  Pois           0%         N/A       100%        4
 Passage of Golubria      Tloc           0%         N/A       100%        4
 Sticky Flame             Conj/Fire      0%         2d3       100%        4
 Summon Ice Beast         Ice/Summ       0%         N/A       100%        4
 Summon Lightning Spire   Summ/Air       0%         N/A       100%        4
 Vhi's Electric Charge    Tloc/Air       0%         N/A       100%        4
 Alistair's Intoxication  Tmut/Pois      0%         N/A       100%        5
 Arcjolt                  Conj/Air       0%         1d10      100%        5
 Freezing Cloud           Conj/Ice/Air   0%         6-21      100%        5
 Iskenderun's Battlesphe  Conj           0%         2d6       100%        5
 Lee's Rapid Deconstruct  Erth           0%         3d4*      100%        5
 Metabolic Englaciation   Hex/Ice        0%         N/A       100%        5
 Silence                  Hex/Air        0%         N/A       100%        5
 Summon Mana Viper        Hex/Summ       0%         N/A       100%        5
 Yara's Violent Unravell  Hex/Tmut       0%         3d3       100%        5
 Bombard                  Conj/Erth      0%         9d1       100%        6
 Conjure Ball Lightning   Conj/Air       0%         3x3d6     100%        6
 Death Channel            Necr           0%         N/A       100%        6
 Dispersal                Tloc           0%         N/A       100%        6
 Plasma Beam              Fire/Air       0%         2x1d10    100%        6
 Simulacrum               Ice/Necr       0%         N/A       100%        6
 Starburst                Conj/Fire      0%         6d3       100%        6
 Enfeeble                 Hex            0%         N/A       100%        7
 Monstrous Menagerie      Summ           0%         N/A       100%        7
 Orb of Destruction       Conj           0%         9d5       100%        7
 Spellforged Servitor     Conj/Summ      0%         N/A       100%        7
 Summon Hydra             Summ           0%         N/A       100%        7
 Discord                  Hex            0%         N/A       100%        8
 Disjunction              Tloc           0%         N/A       100%        8
 Ignition                 Fire           0%         3d3       100%        8
 Lehudib's Crystal Spear  Conj/Erth      0%         10d2      100%        8
 Maxwell's Capacitive Co  Air            0%         ∞         100%        8


Dungeon Overview and Level Annotations

Branches:
Dungeon (15/15)            Temple (0/1) D:7            Lair (5/5) D:8
 Shoals (4/4) Lair:2        Snake (4/4) Lair:3        Slime (0/5) Lair:4
    Orc (2/2) D:10            Elf (3/3) Orc:2        Vaults (4/5) D:13
  Crypt (0/3) Vaults:2     Depths (2/4) D:15         Bailey (visited)
  IceCv (visited)         Gauntlet (visited)

Altars:
Ashenzari
Dithmenos
Elyvilon
Fedhas
Gozag
Kikubaaqudgha
Nemelex Xobeh
Qazlal
Sif Muna
Trog
Uskayaw
Vehumet
Xom
Zin
The Shining One

Shops:
D:1 (*[(   D:5 ?   D:8 =   D:13 *   D:14 :!   Orc:2 ([*=   Elf:1 [*=(   Elf:2 ?
Shoals:3 *   Shoals:4 [[   Snake:4 :   Vaults:1 =!   Vaults:3 =

Portals:
Hell: Depths:1
Abyss: Orc:1 Depths:1
Pandemonium: Depths:2

Annotations:
D:13 3 runed translucent doors, Qumpucor's ghost, journeyman GrFi
Shoals:2 3 runed translucent doors, Pobapin's ghost, adept KoHu
Snake:4 1 runed translucent door, pigah's ghost, adept OpSh
Orc:1 2 transporters, Rutzi's ghost, journeyman KoHu
Elf:1 4 runed translucent doors
Vaults:1 3 runed translucent doors, Beryl's ghost, journeyman MiBe


Message History

The glowing orange brain is moderately wounded.
The glowing orange brain pulsates.
The glowing orange brain radiates an aura of fear!
You easily resist.
A glowing orange brain is nearby!
You cut the glowing orange brain into ribbons!!!
You blow up the glowing orange brain!
A water elemental comes into view.
A tengu reaver comes into view.
It is wielding a +1 dire flail of holy wrath.
The tengu reaver shouts!
The tengu reaver gestures at you while chanting.
The bolt of lightning misses you.
You hear a shout! x2; You hear a deafening roar!
You hear a horrible gurgling sound! x4; You hear a shout! x2
You enter the shallow water.
Moving in this stuff is going to be slow.
Found a stone staircase leading down.
The water elemental misses you.
The water elemental completely misses you.
You slash the water elemental!
The water elemental is lightly damaged.
You slice the water elemental!!
You blow up the water elemental!
You can now pass through a line of other dancers.
The tengu reaver completely misses you. The tengu reaver barely misses you.
The tengu reaver claws you but does no damage.
You puncture the tengu reaver!
You blow up the tengu reaver!
You hear a splash. x2
Uskayaw will force your foes to helplessly watch your dance.
You enter the shallow water.
Moving in this stuff is going to be slow.
Found 12 gold pieces.
Things that are here:
a +1 dire flail of holy wrath; a +0 scale mail
There is a stone staircase leading down here.
Found a robe.
Found a stone staircase leading up and a stone staircase leading down.
Found a granite talisman.
Are you sure you want to abandon this character and quit the game? (Confirm with "yes".)

.#....%..# ..><.[..#
.......# .. .$....# ...
.....#
....##.~.≈#############
....#.@..≈≈~...........
.......~~~~~.........~≈
......................~
..#.......~)~..........
. #....>..~≈≈~.........
..........~~~~.........
...~~.....~............
.#....~................
...~≈.~................


There were no monsters in sight!

Vanquished Creatures
  A juggernaut (Depths:1)
  Frederick (Vaults:4)
  Margery (Vaults:4)
  Nikola (Vaults:2)
  A golden dragon (Depths:1)
  Jory (Vaults:2)
  Zenata (Vaults:4)
  3 tentacled monstrosities (Depths:1)
  A walking earthen tome (Depths:1)
  Asterion (Elf:2)
  3 quicksilver dragons
  The ghost of bmack86 the Warrior, an adept MiFi of Okawaru (Shoals:4)
  A kraken (Shoals:3)
  2 deep elf blademasters (Elf:3)
  3 sphinxes
  A walking divine tome (Depths:1)
  2 deep elf master archers (Elf:3)
  An Executioner (Abyss:2)
  Kirke (Snake:2)
  A shadow dragon (Vaults:2)
  Ilsuiw (Shoals:4)
  Aizul (Snake:3)
  Agnes (D:15)
  Donald (Vaults:1)
  4 tengu reavers
  A storm dragon (Elf:1)
  4 frost giants (Depths:1)
  5 nagarajas
  2 fire giants
  12 vault wardens
  6 deep elf sorcerers
  2 iron dragons
  Louise (Snake:2)
  3 orc warlords
  3 deep elf elementalists (Elf:3)
  19 ironbound preservers
  4 very ugly things
  A war gargoyle (Vaults:4)
  A formless jellyfish (Vaults:3)
  A spriggan defender (Depths:1)
  12 ironbound thunderhulks
  The ghost of Duttonia the Stormcaller, a journeyman MeWn of Gozag (Shoals:3)
  4 stone giants
  5 deep elf demonologists
  8 deep elf annihilators
  A vampire knight (Depths:1)
  Nessos (Orc:2)
  Azrael (D:13)
  5 dire elephants
  A minotaur (Gauntlet)
  2 fire dragons
  2 spark wasps (Depths:1)
  Snorg (D:13)
  8 deep elf death magi (Elf:3)
  7 merfolk javelineers
  4 deep elf high priests
  9 yaktaur captains
  An ettin (Depths:1)
  5 vault guards
  8 merfolk impalers
  Fannar (Lair:2)
  2 ice dragons
  5 hydras
  4 salamander tyrants (Snake:4)
  2 great orbs of eyes
  A rakshasa (Depths:1)
  An ogre mage (Vaults:3)
  2 peacekeepers
  5 ironbound frosthearts
  A spriggan air mage (Depths:1)
  Erica (D:10)
  14 anacondas
  3 catoblepae
  2 merfolk avatars (Shoals:1)
  9 death yaks
  A boulder beetle (D:13)
  19 naga warriors
  An alligator snapping turtle (Shoals:2)
  14 centaur warriors
  3 merfolk aquamancers
  5 satyrs
  27 dancing weapons
  3 tengu warriors
  A death scarab (Gauntlet)
  A deep troll shaman (Lair:5)
  3 two-headed ogres
  10 shock serpents
  13 naga sharpshooters
  7 hell knights
  A soul eater (Abyss:2)
  6 skysharks
  19 deep elf knights
  5 orc high priests
  5 skeletal warriors (D:15)
  10 sea snakes
  An iron troll (Depths:1)
  2 glowing orange brains
  35 deep trolls
  12 deep elf archers
  A large abomination (Abyss:2)
  A flayed ghost (Depths:1)
  9 harpies
  16 ironbound convokers
  4 arcanists
  A lindwurm (Vaults:1)
  6 naga ritualists
  30 deep elf pyromancers
  8 orc knights
  2 necromancers (Vaults:4)
  27 deep elf zephyrmancers
  7 mana vipers
  21 fauns
  4 orc sorcerers
  12 manticores
  30 ugly things
  11 cyclopes
  A salamander (shapeshifter) (Vaults:3)
  13 elephants
  9 salamanders
  6 merfolk sirens
  38 black mambas
  A smoke demon (Abyss:2)
  29 slime creatures
  15 guardian serpents
  A guardian serpent (shapeshifter) (Elf:3)
  2 molten gargoyles (Gauntlet)
  Joseph (D:9)
  15 vault sentinels
  17 naga magi
  11 water nymphs
  11 cane toads
  3 gargoyles
  2 efreet
  5 orange demons (D:11)
  5 kobold demonologists
  2 rime drakes
  A freezing wraith (D:14)
  10 komodo dragons
  26 yaktaurs
  7 trolls
  A tengu conjurer (D:15)
  34 merfolk
  2 red devils (D:11)
  A meliai (shapeshifter) (D:14)
  9 wind drakes
  6 meliai
  A polar bear (shapeshifter) (Elf:1)
  A glass eye (Depths:1)
  3 polar bears
  A queen bee (shapeshifter) (D:15)
  17 blink frogs
  A tyrant leech (shapeshifter) (Vaults:3)
  9 snapping turtles
  2 raiju
  12 dream sheep
  2 air elementals
  A jumping spider (shapeshifter) (Elf:1)
  14 water elementals
  2 shadows
  2 centaur simulacra (D:11)
  54 yaks
  Grum (D:10)
  4 wyverns
  3 hogs (Snake:2)
  16 humans (D:13)
  A basilisk (D:14)
  A wraith (D:11)
  2 steam dragons (D:7)
  6 fire elementals
  3 vampire mosquitoes (D:12)
  4 wargs
  Menkaure (D:7)
  2 death yak simulacra (IceCv)
  38 nagas
  13 water moccasins
  Duvessa (D:5)
  3 acid dragons
  2 small abominations (Abyss:2)
  3 hell hounds (D:13)
  46 orc warriors
  A sky beast (D:7)
  A black bear (Lair:5)
  3 ogres
  2 ice beasts
  17 wolves
  2 phantoms
  9 centaurs
  6 kobold brigands
  An earth elemental (Elf:1)
  3 bullfrogs
  A gnoll sergeant (D:10)
  2 scorpions
  6 wights
  Dowan (D:5)
  7 killer bees
  An elephant simulacrum (IceCv)
  6 howler monkeys
  2 electric eels (D:11)
  A jelly (Gauntlet)
  2 gnoll boudas
  27 orc priests
  A sleepcap (D:8)
  3 iguanas
  24 orc wizards
  7 hell rats (Lair:5)
  A polar bear simulacrum (IceCv)
  A wolf simulacrum (IceCv)
  35 gnolls
  5 adders
  A white imp (D:8)
  7 ufetubi
  2 worms
  2 dart slugs
  81 orcs
  6 ball pythons
  5 bats
  8 endoplasms
  2 giant cockroaches
  51 goblins
  34 hobgoblins
  8 jackals
  4 quokkas
  8 frilled lizards
  22 kobolds
  4 rats
  2 tentacles (Shoals:3)
1615 creatures vanquished.

Vanquished Creatures (others)
  A deep elf high priest (Elf:1)
  A deep elf knight (Elf:3)
  A deep troll (Vaults:2)
  A deep elf archer (Elf:1)
  A human (Snake:2)
  A naga (Snake:2)
  An orc warrior (Elf:3)
  A killer bee (D:11)
  An orc priest (Elf:1)
  3 orc wizards
  A boggart simulacrum (D:14)
  An orc (Elf:1)
  7 tentacles (Shoals:3)
21 creatures vanquished.

Grand Total: 1636 creatures vanquished

Notes
Turn   | Place    | Note
-------+----------+-------------------------------------------
     0 | D:5      | jasper the Hill Orc Delver began the quest for the Orb.
     0 | D:5      | Reached XP level 1. HP: 19/19 MP: 1/1
    72 | D:5      | Identified the +11 spear "Wockuiny" {freeze, rN+ Int+3}
   113 | D:4      | Reached XP level 2. HP: 12/27 MP: 2/2
   198 | D:4      | Found a bloodstained altar of Trog.
   198 | D:4      | Found a hide-covered altar of Uskayaw.
   205 | D:4      | Reached skill level 1 in Armour
   205 | D:4      | Reached XP level 3. HP: 18/33 MP: 3/3
   212 | D:4      | Became a worshipper of Uskayaw the Reveller
   317 | D:4      | Found the +5 scythe "Finisher" {speed, execute}
   397 | D:4      | Reached * piety under Uskayaw
   400 | D:4      | Reached ** piety under Uskayaw
   403 | D:4      | Reached skill level 1 in Polearms
   403 | D:4      | Reached XP level 4. HP: 33/41 MP: 4/4
   405 | D:4      | Reached *** piety under Uskayaw
   473 | D:4      | Reached skill level 2 in Polearms
   473 | D:4      | Reached XP level 5. HP: 38/47 MP: 5/5
   546 | D:4      | Reached skill level 3 in Polearms
   547 | D:4      | Reached **** piety under Uskayaw
   548 | D:4      | Reached skill level 5 in Fighting
   549 | D:4      | Reached XP level 6. HP: 38/56 MP: 6/6
   552 | D:4      | Reached ***** piety under Uskayaw
   555 | D:4      | Reached skill level 4 in Polearms
   651 | D:4      | Found a shadowy altar of Dithmenos.
  1210 | D:1      | Found Huexyak's General Store.
  1219 | D:1      | Bought a potion of curing for 42 gold pieces
  1250 | D:1      | Found Viucoddo's Weapon Emporium.
  1388 | D:1      | Found Noadiups's Antique Armour Shop.
  1403 | D:1      | Reached XP level 7. HP: 60/61 MP: 7/7
  1634 | D:1      | Found Joilefio's Antique Weapon Boutique.
  2559 | D:3      | Found a white marble altar of Elyvilon.
  2621 | D:3      | Found an opulent altar of Gozag.
  2621 | D:3      | Found a glowing golden altar of the Shining One.
  2635 | D:3      | Found a stormy altar of Qazlal.
  2637 | D:3      | Found an ancient bone altar of Kikubaaqudgha.
  2639 | D:3      | Found a faded altar of an unknown god.
  2738 | D:3      | Found a faded altar of an unknown god.
  2853 | D:3      | Found a sparkling altar of Nemelex Xobeh.
  3387 | D:4      | Reached skill level 1 in Invocations
  3625 | D:5      | Reached skill level 5 in Polearms
  3625 | D:5      | Reached skill level 1 in Throwing
  3663 | D:5      | Found Wadwiusa's Magic Scroll Boutique.
  3674 | D:5      | Bought a scroll of blinking for 112 gold pieces
  3674 | D:5      | Bought a scroll of fog for 60 gold pieces
  3857 | D:5      | Noticed Dowan
  3857 | D:5      | Noticed Duvessa
  3867 | D:5      | Killed Dowan
  3946 | D:6      | Identified the +5 rapier of Modesty {freeze, rC- rN+++
                  | Dex+3}
  4029 | D:6      | Reached XP level 8. HP: 52/70 MP: 9/9
  4569 | D:7      | Noticed Menkaure
  4574 | D:7      | Killed Menkaure
  4575 | D:7      | Reached skill level 6 in Polearms
  4614 | D:7      | Noticed a wyvern
  4619 | D:7      | Killed a wyvern
  4750 | D:7      | Found a staircase to the Ecumenical Temple.
  5010 | D:7      | Reached skill level 5 in Armour
  5012 | D:7      | Reached skill level 7 in Polearms
  5176 | D:7      | Reached XP level 9. HP: 75/79 MP: 12/12
  5472 | D:8      | Reached skill level 5 in Invocations
  5675 | D:8      | Found a staircase to the Lair.
  5802 | D:8      | Reached skill level 8 in Polearms
  6379 | D:8      | Found Woilaval's Jewellery Emporium.
  6842 | D:9      | Noticed Joseph
  6854 | D:9      | Killed Joseph
  6855 | D:9      | Reached skill level 9 in Polearms
  6867 | D:9      | Found a flagged portal.
  6884 | Bailey   | Entered a bailey
  6976 | Bailey   | Reached XP level 10. HP: 83/88 MP: 14/14
  7013 | Bailey   | Noticed an orc knight
  7025 | Bailey   | Killed an orc knight
  7256 | Bailey   | Reached skill level 10 in Polearms
  7289 | Bailey   | Noticed an orc warlord
  7367 | Bailey   | Killed an orc warlord
  7671 | Bailey   | Acquired a manual of Armour
  8047 | D:9      | Reached skill level 11 in Polearms
  8049 | D:9      | Reached XP level 11. HP: 70/97 MP: 17/17
  8052 | D:9      | Reached ****** piety under Uskayaw
  8571 | D:10     | Entered Level 10 of the Dungeon
  8571 | D:10     | Found a broken altar of Ashenzari.
  8822 | D:10     | Noticed Grum
  8840 | D:10     | Killed Grum
  9009 | D:10     | Found a staircase to the Orcish Mines.
  9015 | D:10     | Noticed Erica
  9043 | D:10     | Killed Erica
  9044 | D:10     | Reached skill level 10 in Fighting
  9540 | D:10     | Reached skill level 12 in Polearms
  9766 | D:10     | Acquired 993 gold pieces
  9851 | D:11     | Noticed a two-headed ogre
  9861 | D:11     | Killed a two-headed ogre
  9867 | D:11     | Noticed a two-headed ogre
  9871 | D:11     | Killed a two-headed ogre
  9872 | D:11     | Reached skill level 10 in Armour
  9922 | D:11     | Found a frozen archway.
  9927 | IceCv    | Entered an ice cave
  9927 | IceCv    | Noticed a white ugly thing
  9935 | IceCv    | Killed a white ugly thing
  9946 | IceCv    | Reached skill level 10 in Invocations
  9946 | IceCv    | Reached XP level 12. HP: 18/108 MP: 19/19
  9950 | IceCv    | Found a transporter.
  9964 | IceCv    | Found a transporter.
 10378 | D:11     | Reached skill level 13 in Polearms
 10869 | D:11     | Identified the +1 broad axe of Cunuwyxa {pain, rElec rPois
                  | MP+9 Int-5}
 11336 | D:8      | Bought the ring "Moirphun" {+Blink Fly rElec} for 539 gold
                  | pieces
 11336 | D:8      | Bought a ring of poison resistance for 280 gold pieces
 11590 | D:1      | Bought a +0 helmet for 63 gold pieces
 11590 | D:1      | Bought a potion of haste for 140 gold pieces
 11590 | D:1      | Bought a throwing net for 42 gold pieces
 11710 | D:5      | Bought a scroll of fog for 60 gold pieces
 11710 | D:5      | Bought a scroll of blinking for 112 gold pieces
 11710 | D:5      | Bought a scroll of vulnerability for 60 gold pieces
 11710 | D:5      | Bought a scroll of identify for 30 gold pieces
 11745 | D:5      | Killed Duvessa
 11874 | D:1      | Bought a glowing scarf for 232 gold pieces
 13182 | Lair:1   | Entered Level 1 of the Lair of Beasts
 13192 | Lair:1   | Noticed a skyshark
 13204 | Lair:1   | Killed a skyshark
 13205 | Lair:1   | Reached skill level 14 in Polearms
 13435 | Lair:1   | Noticed a six-headed hydra
 13441 | Lair:1   | Killed an eight-headed hydra
 14210 | Lair:2   | Reached XP level 13. HP: 118/118 MP: 21/21
 14261 | Lair:2   | Noticed Fannar
 14264 | Lair:2   | Killed Fannar
 14551 | Lair:2   | Found a staircase to the Shoals.
 14782 | Lair:2   | Acquired 712 gold pieces
 14819 | Lair:2   | Reached skill level 15 in Polearms
 15376 | Lair:3   | Found a staircase to the Snake Pit.
 16245 | Lair:3   | Reached skill level 16 in Polearms
 16564 | Lair:3   | HP: 6/122 [eight-headed hydra (8)]
 16566 | Lair:3   | Reached XP level 14. HP: 4/129 MP: 22/22
 17262 | Lair:4   | Reached skill level 15 in Armour
 17482 | Lair:4   | Found a staircase to the Slime Pits.
 17880 | Lair:5   | Entered Level 5 of the Lair of Beasts
 17990 | Lair:5   | Reached skill level 5 in Dodging
 18848 | Lair:5   | Reached skill level 17 in Polearms
 19572 | Lair:5   | Noticed a dire elephant
 19584 | Lair:5   | Killed a dire elephant
 20164 | Orc:1    | Entered Level 1 of the Orcish Mines
 20164 | Orc:1    | Noticed a green very ugly thing
 20198 | Orc:1    | Noticed Rutzi's ghost (journeyman KoHu)
 20200 | Orc:1    | Noticed a brown very ugly thing
 20201 | Orc:1    | Noticed an orc warlord
 20260 | Orc:1    | Found a transporter.
 20347 | Orc:1    | Found a transporter.
 20586 | Orc:1    | Found a one-way gate to the infinite horrors of the Abyss.
 20723 | Orc:2    | Entered Level 2 of the Orcish Mines
 20725 | Orc:2    | Found a bloodstained altar of Trog.
 21273 | Orc:2    | Found a staircase to the Elven Halls.
 21335 | Orc:2    | Noticed Nessos
 21360 | Orc:2    | Killed Nessos
 22183 | Orc:1    | Reached XP level 15. HP: 132/139 MP: 23/23
 22188 | Orc:2    | Noticed an orc warlord
 22201 | Orc:2    | Killed an orc warlord
 22800 | Orc:2    | Found Zyl Rinah's General Store.
 22801 | Orc:2    | Found Qioqiah's Jewellery Boutique.
 22803 | Orc:2    | Found Neojoko's Antique Armour Boutique.
 22803 | Orc:2    | Found Sycimoid's Antique Weapon Shop.
 22808 | Orc:2    | Bought a scroll of teleportation for 39 gold pieces
 22808 | Orc:2    | Bought 2 potions of lignification for 78 gold pieces
 22863 | Orc:2    | Bought a heavily runed plate armour for 1176 gold pieces
 22863 | Orc:2    | Identified the +9 plate armour of Fashionability {MP-9
                  | Int+2 Dex+2 SInv} (You bought it in a shop on level 2 of
                  | the Orcish Mines)
 23387 | D:12     | Reached skill level 18 in Polearms
 23962 | D:13     | Found a runed translucent gate.
 23968 | D:13     | Found a runed translucent gate.
 23968 | D:13     | Found an opulent altar of Gozag.
 23970 | D:13     | Found a runed translucent gate.
 23972 | D:13     | Noticed Qumpucor's ghost (journeyman GrFi)
 23974 | D:13     | Found Qonud's Assorted Antiques.
 23992 | D:13     | Noticed Snorg
 23997 | D:13     | Killed Snorg
 24221 | D:13     | Found a gate to the Vaults.
 24444 | D:13     | Noticed Azrael
 24447 | D:13     | Reached skill level 15 in Fighting
 24448 | D:13     | Killed Azrael
 24871 | D:14     | Found Ojett's Book Boutique.
 25124 | D:14     | Found a blossoming altar of Fedhas.
 25175 | D:14     | Found Utaest's Distillery.
 25495 | D:14     | Bought 2 potions of invisibility for 240 gold pieces
 25495 | D:14     | Bought a potion of heal wounds for 75 gold pieces
 25495 | D:14     | Bought a potion of invisibility for 120 gold pieces
 25495 | D:14     | Bought a potion of curing for 45 gold pieces
 25495 | D:14     | Bought a potion of invisibility for 120 gold pieces
 25495 | D:14     | Bought a potion of curing for 45 gold pieces
 25495 | D:14     | Bought a potion of haste for 150 gold pieces
 25495 | D:14     | Bought a potion of berserk rage for 75 gold pieces
 26238 | D:14     | Reached skill level 19 in Polearms
 26265 | D:14     | Reached XP level 16. HP: 138/149 MP: 7/24
 26497 | D:15     | Entered Level 15 of the Dungeon
 26512 | D:15     | Found a staircase to the Depths.
 26535 | D:15     | Found a gate leading to a gauntlet.
 26568 | Gauntlet | Entered a Gauntlet
 26568 | Gauntlet | Found a transporter.
 26666 | Gauntlet | Found a transporter.
 26667 | Gauntlet | Found a transporter.
 26671 | Gauntlet | Found a transporter.
 26671 | Gauntlet | Found a runed translucent door.
 26671 | Gauntlet | Found a runed translucent door.
 26675 | Gauntlet | Found a transporter.
 26678 | Gauntlet | Found a transporter.
 26679 | Gauntlet | Found a transporter.
 26690 | Gauntlet | Found a transporter.
 26690 | Gauntlet | Found a transporter.
 26691 | Gauntlet | Found a transporter.
 26698 | Gauntlet | Found a runed translucent door.
 26701 | Gauntlet | Found a transporter.
 26702 | Gauntlet | Found a transporter.
 26703 | Gauntlet | Found a transporter.
 26720 | Gauntlet | Found a transporter.
 27566 | D:15     | Found a glowing silver altar of Zin.
 28048 | D:15     | Noticed Agnes
 28058 | D:15     | Killed Agnes
 28567 | Snake:1  | Entered Level 1 of the Snake Pit
 28578 | Snake:1  | Reached skill level 20 in Polearms
 29820 | Snake:2  | Noticed Kirke
 29831 | Snake:2  | Killed Kirke
 31005 | Snake:2  | Reached skill level 21 in Polearms
 31039 | Snake:2  | Noticed Louise
 31051 | Snake:2  | Killed Louise
 31415 | Snake:3  | Noticed a nagaraja
 31419 | Snake:3  | Killed a nagaraja
 31420 | Snake:3  | Reached XP level 17. HP: 156/159 MP: 16/25
 32260 | Snake:3  | Reached skill level 22 in Polearms
 32303 | Snake:3  | HP: 5/159 [poisoned by a naga ritualist (toxic radiance)]
 33107 | Snake:3  | Identified the serpent talisman of the Hills {SInv}
 33107 | Snake:3  | Noticed Aizul
 33111 | Snake:3  | Killed Aizul
 33604 | Snake:4  | Entered Level 4 of the Snake Pit
 33616 | Snake:4  | Reached skill level 23 in Polearms
 33638 | Snake:4  | Found a runed translucent door.
 33644 | Snake:4  | Noticed pigah's ghost (adept OpSh)
 33754 | Snake:4  | Identified the +3 leather armour "Alihaud" {-Tele Str+8}
 34004 | Snake:4  | Noticed a quicksilver dragon
 34018 | Snake:4  | Killed a quicksilver dragon
 34561 | Snake:4  | Identified the +1 leather armour of Mumblety Peg {Will+}
 34793 | Snake:4  | Got a serpentine rune of Zot
 34910 | Snake:4  | Reached skill level 24 in Polearms
 34910 | Snake:4  | Reached XP level 18. HP: 73/168 MP: 17/26
 35355 | Snake:4  | Found Veust's Book Shop.
 36170 | Shoals:1 | Entered Level 1 of the Shoals
 36354 | Shoals:1 | Reached skill level 25 in Polearms
 37265 | Shoals:2 | Found a runed translucent gate.
 37265 | Shoals:2 | Found a runed translucent gate.
 37265 | Shoals:2 | Found a runed translucent gate.
 38075 | Shoals:2 | Noticed Pobapin's ghost (adept KoHu)
 38332 | Shoals:3 | Found a runed translucent door.
 38333 | Shoals:3 | Noticed Duttonia's ghost (journeyman MeWn)
 38362 | Shoals:3 | Reached skill level 26 in Polearms
 38726 | Shoals:3 | HP: 8/168 [tentacle[a kraken] (2)]
 39098 | Shoals:3 | Found Hiwkinic's General Store.
 39121 | Shoals:3 | Bought a scroll of teleportation for 57 gold pieces
 39121 | Shoals:3 | Bought a potion of resistance for 190 gold pieces
 39121 | Shoals:3 | Bought 3 scrolls of teleportation for 171 gold pieces
 39121 | Shoals:3 | Bought a scroll of fear for 76 gold pieces
 39143 | Shoals:3 | Bought a scroll of summoning for 180 gold pieces
 39422 | Shoals:3 | Killed Duttonia's ghost
 39476 | Shoals:4 | Entered Level 4 of the Shoals
 39529 | Shoals:4 | Reached XP level 19. HP: 132/174 MP: 18/27
 39770 | Shoals:4 | Identified the +1 rapier of Vipoep {antimagic, *Noise
                  | +Blink rF+ Int+7}
 40022 | Shoals:4 | Got a barnacled rune of Zot
 40193 | Shoals:4 | Found a runed translucent door.
 40195 | Shoals:4 | Found a shimmering altar of Xom.
 40195 | Shoals:4 | Noticed bmack86's ghost (adept MiFi)
 40205 | Shoals:4 | Identified the +3 shortbow of Deformation {elec, Int+4}
 40227 | Shoals:4 | Found Xisk's Armour Shop.
 40272 | Shoals:4 | Noticed Ilsuiw
 40282 | Shoals:4 | Killed Ilsuiw
 40302 | Shoals:4 | HP: 6/174 [manticore/volley of spikes (6)]
 40643 | Shoals:4 | Found Wuclap's Antique Armour Shop.
 40873 | Shoals:4 | Killed bmack86's ghost
 41140 | Vaults:5 | Identified the "Byporr"
 41140 | Crypt:3  | Identified the "Deuz"
 41140 | Elf:1    | Entered Level 1 of the Elven Halls
 41140 | Elf:1    | Found a runed translucent gate.
 41140 | Elf:1    | Found a runed translucent gate.
 41140 | Elf:1    | Found a runed translucent gate.
 41140 | Elf:1    | Found a runed translucent gate.
 41140 | Elf:1    | Found a runed translucent gate.
 41140 | Elf:1    | Found a runed translucent gate.
 41141 | Elf:1    | Found a runed translucent door.
 41311 | Elf:1    | Found Amisch's Jewellery Boutique.
 41331 | Elf:1    | Found Mounur's General Store.
 41334 | Elf:1    | Bought a potion of curing for 48 gold pieces
 41694 | Elf:1    | Found a runed translucent door.
 41705 | Elf:1    | Found Qebomp's Weapon Shoppe.
 41765 | Elf:1    | Found Erea's Armour Boutique.
 41815 | Elf:1    | Found a shimmering blue altar of Sif Muna.
 41924 | Elf:1    | Found a shimmering blue altar of Sif Muna.
 42302 | Elf:1    | Noticed a Brimstone Fiend
 42329 | Elf:1    | HP: 8/177 [???[a deep elf demonologist] (6)]
 42659 | Elf:1    | Found a runed translucent gate.
 42659 | Elf:1    | Found a runed translucent gate.
 42659 | Elf:1    | Found a runed translucent gate.
 42659 | Elf:1    | Found a runed translucent gate.
 42659 | Elf:1    | Found a runed translucent gate.
 42663 | Elf:1    | Found a runed translucent gate.
 42976 | Elf:2    | Identified the "Caaxutro"
 43153 | Elf:2    | Reached XP level 20. HP: 187/187 MP: 20/29
 43255 | Elf:2    | Found Pear's Magic Scroll Emporium.
 43263 | Elf:2    | Bought a scroll of teleportation for 36 gold pieces
 43383 | Elf:2    | Acquired the scarf of Fresh Joy {shadows, Contam rPois rN+
                  | Slay+2}
 43445 | Elf:2    | Found a runed translucent gate.
 43446 | Elf:2    | Found a runed translucent gate.
 43446 | Elf:2    | Found a runed translucent gate.
 43596 | Elf:1    | Bought a +2 pair of gloves of strength for 322 gold pieces
 43614 | Elf:1    | Bought the ring "Fixkynosh" {rF+ rN+ Str+2} for 646 gold
                  | pieces
 43632 | Elf:2    | Noticed Asterion
 43660 | Elf:2    | Killed Asterion
 44115 | Elf:3    | Identified the "Wuwkiuza"
 44115 | Elf:3    | Identified the of Damoel
 44115 | Elf:3    | Identified the "Ittiatem"
 44115 | Elf:3    | Identified the "Lergh"
 44115 | Elf:3    | Identified the "Piugo"
 44115 | Elf:3    | Entered Level 3 of the Elven Halls
 44403 | Elf:3    | Paralysed by an air elemental for 1 turns
 44405 | Elf:3    | Paralysed by an air elemental for 1 turns
 44469 | Abyss:2  | Cast into level 2 of the Abyss (a deep elf sorcerer)
 44614 | Elf:3    | Escaped the Abyss
 44834 | Elf:3    | Identified the +0 robe of the Ethereal God {Str+3 Dex+4}
 44998 | Elf:3    | Found the -2 hat of the Alchemist {rElec rPois rF+ rC+ rN+
                  | Will+ rMut rCorr}
 45005 | Elf:3    | Identified the ring of Fup Heat {rElec Will+ Str+2}
 45085 | Elf:3    | Identified the ring "Kuer" {rN+++ Str+6 Int-3 Dex-3 Stlth+}
 45087 | Elf:3    | Identified the amulet "Vyuroxkusea" {Reflect rPois SH+5}
 45813 | Vaults:1 | Entered Level 1 of the Vaults
 45921 | Vaults:1 | Reached XP level 21. HP: 143/201 MP: 22/31
 46099 | Vaults:1 | Noticed Donald
 46121 | Vaults:1 | Killed Donald
 46344 | Vaults:1 | Reached skill level 10 in Dodging
 46450 | Vaults:1 | Found Vuvyevo's Distillery.
 46472 | Vaults:1 | Bought a potion of haste for 160 gold pieces
 46472 | Vaults:1 | Bought a potion of curing for 48 gold pieces
 46472 | Vaults:1 | Bought a potion of curing for 48 gold pieces
 46543 | Vaults:1 | Found Zecohekk's Jewellery Emporium.
 46637 | Vaults:1 | Found a runed translucent gate.
 46637 | Vaults:1 | Found a runed translucent gate.
 46637 | Vaults:1 | Found a runed translucent gate.
 46638 | Vaults:1 | Noticed Beryl's ghost (journeyman MiBe)
 47206 | Vaults:1 | Identified the +6 arbalest of the Equinox {antimagic, Str+4
                  | Dex-5}
 47347 | Vaults:2 | Reached skill level 15 in Invocations
 47592 | Vaults:2 | Found a staircase to the Crypt.
 47599 | Vaults:2 | Noticed Jory
 47610 | Vaults:2 | Killed Jory
 47865 | Vaults:2 | Noticed Nikola
 47880 | Vaults:2 | Killed Nikola
 49145 | Orc:2    | Bought the ring of the Hare {EV+10} for 1664 gold pieces
 49145 | Orc:2    | Found the ring of the Hare {EV+10}
 49322 | Vaults:3 | Found Sekot's Jewellery Shop.
 50162 | Vaults:3 | Reached XP level 22. HP: 202/214 MP: 24/33
 50647 | Vaults:3 | Identified the +5 orcbow of the Hills {flame, rElec}
 50767 | Vaults:4 | Noticed Margery
 50784 | Vaults:4 | Killed Margery
 50803 | Vaults:4 | Noticed Zenata
 50803 | Vaults:4 | Noticed Frederick
 50811 | Vaults:4 | Killed Frederick
 50821 | Vaults:4 | Killed Zenata
 52184 | Depths:1 | Entered Level 1 of the Depths
 52434 | Depths:1 | Noticed a golden dragon
 52440 | Depths:1 | Killed a golden dragon
 52449 | Depths:1 | Noticed a juggernaut
 52454 | Depths:1 | Killed a juggernaut
 52670 | Depths:1 | Found a radiant altar of Vehumet.
 53079 | Depths:1 | Found a gateway to Hell.
 53267 | Depths:1 | Reached XP level 23. HP: 212/227 MP: 26/35
 53346 | Depths:2 | Found a one-way gate leading to the halls of Pandemonium.
 53383 | Depths:2 | Quit the game

Illustrated notes

Levels and vault maps discovered:
D:1:      beargit_arrival_diablo_church, layout_basic, serial_shops,
          nicolae_shop_trees, shop, shop, nicolae_shop_statue_plus
D:2:      layout_loops_ring
D:3:      layout_loops_ring, nemelex_diamond_rough_becter,
          mainiacjoe_overflow_catwalk, chequers_temple_overflow_minitemple,
          shapermc_ecumenical_altar_flowoftime
D:4:      layout_loops_ring, mainiacjoe_overflow_tiny_flanked,
          chequers_temple_overflow_statue_of_worship, serial_glass,
          glass_columns_c, glass_columns_b, feat_on_display
D:5:      minmay_goblin_kobold_castle, layout_basic, serial_shops,
          nicolae_shop_gibbet_a_chance, uniq_duvessa
D:6:      layout_rooms
D:7:      layout_basic, minmay_temple_entry_drinking_statues,
          kennysheep_decorative_pillar, uniq_menkaure
D:8:      layout_loops_corners, lair_entry_dummy, serial_shops, shop
D:9:      layout_cross, enter_bailey_3, uniq_joseph
D:10:     layout_basic, ashenzari_altar_1, david_orc_1_choice, nrook_campfire,
          uniq_erica, uniq_grum
D:11:     layout_loops_ring, serial_ice, serial_ice_e, serial_ice_a,
          serial_ice_g, serial_ice_j, serial_ice_d,
          portal_ice_cave_entry_pillars_2, minmay_beelzebubs_servants
D:12:     layout_stronghold
D:13:     layout_basic, david_vaults_3, ebering_ghost_gozag, uniq_snorg,
          uniq_azrael
D:14:     minmay_clustersquares, layout_loops_ring, minmay_misc_feat_nine_boxes,
          serial_shops, nicolae_shop_temple_entry_statues_fountains,
          minmay_misc_feat_hallway, nicolae_stop_n_shop_2, fedhas_ov_isle_minmay
D:15:     grunt_enter_depths_giant_problem, layout_gridville,
          gauntlet_entry_generic, serial_bayou_pond_a, kennysheep_crisscross,
          minivault_1, zin_academy, uniq_agnes
Lair:1:   layout_loops_ring
Lair:2:   layout_misc_corridors, minmay_shoals_entry_beasts, uniq_fannar
Lair:3:   layout_regular_city, dummy_snake_entry
Lair:4:   layout_gridlike, slime_entry_1, dreamdust_mushroom_princess
Lair:5:   grunt_lair_end_beastmaster, layout_regular_city,
          grunt_forest_small_clearings, serial_bayou_shore_b
Shoals:1: cheibrodos_shoals_satyrical_garden, layout_shoals,
          nicolae_shoals_wave_tunnel
Shoals:2: layout_shoals, gammafunk_ghost_necromancy
Shoals:3: layout_shoals, ebering_ghost_reflecting_pool, serial_shops, shop
Shoals:4: shoals_end_grunt_garden, layout_shoals, shoals_ilsuiw_ice,
          ebering_ghost_xom, serial_shops, nicolae_shop_tiny_statue_garden,
          nicolae_shop_advertising_works [nicolae_subvault_shop_adworks]
Snake:1:  layout_misc_corridors
Snake:2:  layout_gridlike, uniq_kirke, uniq_louise
Snake:3:  layout_onion_interference, grunt_megastairs_4, uniq_aizul
Snake:4:  hellmonk_snake_rune_quicksilver_temple, layout_chambers, serial_shops,
          shop, ebering_ghost_reflecting_pool, nicolae_snake_gridmaze_squiggle,
          st_stairs_12, drop_trap
Orc:1:    layout_caves, gammafunk_ghost_abyssal_escape
Orc:2:    st_orc_congregation, layout_diamond_mine, basic_altar, uniq_nessos
Elf:1:    nicolae_elf_arrival_dilemma, layout_onion_city, serial_shops, shop,
          nicolae_shop_behind_doors, shop, shop, orc_legates, minivault_16,
          hangedman_feature_mirror, library_closet, st_stairs_12
Elf:2:    nicolae_elf_blades_crystal_corner, layout_gridlike, serial_shops,
          shop, uniq_asterion
Elf:3:    grunt_elf_hall_branching, layout_loops_corners,
          hangedman_elf_simple_split
Vaults:1: gammafunk_ghost_ooze, v_misc_2, nicolae_vaults_yaktaur_gun_rack,
          nicolae_vaults_wrenched, hangedman_vaults_capsules, v_misc_16,
          grunt_vaults_bifocal, nicolae_vaults_shelves_hall,
          hangedman_vaults_maws, dpeg_vaults_monster_box,
          nicolae_vaults_rhombus_6, grunt_vaults_hallway_short,
          layout_vaults_chaotic_city, serial_shops,
          nicolae_shop_industrial_runoff, nicolae_shop_peninsula, uniq_donald
Vaults:2: minmay_crypt_entry_nasty_monster,
          nicolae_vaults_doubleplus_tesselated, nicolae_vaults_little_squares_4,
          nicolae_vaults_diffraction_hallways, v_misc_15, nicolae_vaults_two_Ls,
          nicolae_vaults_tetromino_L_1, layout_vaults_omnigrid, uniq_jory,
          uniq_nikola
Vaults:3: nicolae_vaults_shipping_containers_6, nicolae_vaults_double_plus_2,
          hangedman_vaults_stagger, vaults_dpeg_ring, nicolae_vaults_little_ls,
          nicolae_vaults_layer_cake_slice, nicolae_vaults_sightless_eye,
          nicolae_vaults_border_crossing, nicolae_vaults_weapon_check,
          nicolae_vaults_mini_display_case, nicolae_vaults_asterisk,
          nicolae_vaults_sesquioval_fish, layout_vaults_omnibox, serial_shops,
          nicolae_shop_tiny_statue_garden
Vaults:4: nicolae_vaults_network_quincunx
          [nicolae_vaults_network_quincunx_subvault,
          nicolae_vaults_network_quincunx_subvault,
          nicolae_vaults_network_quincunx_subvault,
          nicolae_vaults_network_quincunx_subvault,
          nicolae_vaults_network_quincunx_subvault],
          nicolae_vaults_storage_room_doors, vaults_dpeg_diagonal,
          vaults_room_corners, nicolae_vaults_rhombus_6, v_misc_33,
          vaults_room_guarded_vault, v_pattern_1, hangedman_vaults_impose,
          ontoclasm_vaults_shuriken, nicolae_vaults_trapezoid_lopsided_1,
          nicolae_vaults_cochlea, layout_vaults_omnicross, uniq_zenata,
          uniq_margery, uniq_frederick
Depths:1: minmay_central_circle, layout_basic, abyss_entry, serial_bayou_ford_a,
          grunt_hell_entry_dis_old, vehumet_crystals
Depths:2: evilmike_lava_path, layout_cave_pools, special_room
          [special_room_jelly], pan_entry, serial_bayou_pond_c,
          lightli_too_deep, uniq_mara

Skill      XL: |  1  2  3  4  5  6  7  8  9 10 11 12 13 14 15 16 17 18 19 20 21 22 |
---------------+-------------------------------------------------------------------+-----
Axes           | 3 4 |  4.0
Fighting       | 4 5 6 7 8 9 10 12 13 14 15 16 18 20 21 23 | 23.3
Armour         | 1 2 3 4 5 6 8 10 12 14 15 16 17 18 19 20 | 20.5
Polearms       | 1 2 3 4 5 7 9 11 12 14 16 17 19 21 24 26 | 26.9
Invocations    | 2 4 6 8 10 11 12 14 15 17 | 17.4
Throwing       | 1 3 |  3.0
Dodging        | 4 6 7 8 9 10 11 | 11.8
Stealth        | |  4.1

Action                     |  1- 3 |  4- 6 |  7- 9 | 10-12 | 13-15 | 16-18 | 19-21 | 22-24 || total
---------------------------+-------+-------+-------+-------+-------+-------+-------+-------++-------
  Melee: Spear             |    23 |    61 |       |       |       |       |       |       ||    84
         Hand axe          |     1 |       |       |       |       |       |       |       ||     1
         Punch             |     1 |       |       |       |       |       |       |       ||     1
         Scythe            |       |    17 |   300 |   541 |   966 |  1165 |  1224 |   420 ||  4633
  Throw: Boomerang         |       |       |       |    29 |   141 |   267 |   103 |    12 ||   552
         Throwing net      |       |       |       |       |     3 |       |       |       ||     3
         Javelin           |       |       |       |       |       |       |     2 |       ||     2
 Invoke: Stomp             |       |       |       |     2 |     5 |    11 |       |       ||    18
         Grand Finale      |       |       |       |       |     8 |     3 |     5 |     3 ||    19
         Line Pass         |       |       |       |       |       |     1 |       |       ||     1
  Evoke: Wand              |       |       |     1 |    10 |     7 |     2 |     2 |       ||    22
    Use: Potion            |       |     1 |       |     8 |     2 |     6 |     2 |       ||    19
         Scroll            |       |       |    15 |     7 |    15 |     6 |     5 |       ||    48
   Stab: Sleeping          |     2 |     1 |       |       |       |       |       |       ||     3
         Paralysed         |       |     2 |    11 |    42 |    98 |   120 |   137 |    48 ||   458
         Distracted        |       |     2 |       |       |       |       |       |       ||     2
 Armour: Leather armour    |    10 |    17 |       |       |       |       |       |       ||    27
         Chain mail        |       |     8 |   218 |    14 |       |       |       |       ||   240
         Ring mail         |       |     3 |       |       |       |       |       |       ||     3
         Plate armour      |       |       |       |   390 |   685 |  1162 |   859 |   126 ||  3222
  Dodge: Dodged            |     8 |    28 |   171 |   293 |   509 |   414 |   367 |   169 ||  1959

Table legend: (Time is in decaauts)
 A = Elapsed time spent in this place.
 B = Non-inter-level travel time spent in this place.
 C = Inter-level travel time spent in this place.
 D = Time resting spent in this place.
 E = Time spent auto-exploring this place.
 F = Levels seen in this place.
 G = Mean time per level.
                   A        B        C        D        E       F      G
               +--------+--------+--------+--------+--------+-----+--------+
         Total |  51940 |  48459 |   3481 |   5457 |  33886 |  43 | 1207.9 |
       Dungeon |  17407 |  15290 |   2117 |    920 |  11610 |  15 | 1160.5 |
          Lair |   6969 |   6587 |    382 |   1029 |   4465 |   5 | 1393.8 |
        Shoals |   4522 |   4340 |    182 |    300 |   3055 |   4 | 1130.5 |
     Snake Pit |   7340 |   7192 |    148 |   1294 |   4808 |   4 | 1835.0 |
  Orcish Mines |   2996 |   2811 |    185 |   1117 |   1317 |   2 | 1498.0 |
   Elven Halls |   4132 |   3938 |    194 |    464 |   2278 |   3 | 1377.3 |
        Vaults |   5652 |   5413 |    239 |    120 |   4462 |   4 | 1413.0 |
        Depths |   1111 |   1079 |     32 |      0 |    831 |   2 |  555.5 |
         Abyss |    127 |    127 |      0 |      0 |     65 |   1 |  127.0 |
        Bailey |    791 |    791 |      0 |      0 |    514 |   1 |  791.0 |
      Ice Cave |    250 |    250 |      0 |    212 |      0 |   1 |  250.0 |
      Gauntlet |    638 |    638 |      0 |      0 |    480 |   1 |  638.0 |
               +--------+--------+--------+--------+--------+-----+--------+

Top non-repeatable levels by time:
 Snake:4: 2350 daAuts
 Snake:2: 2346 daAuts
   Elf:1: 1800 daAuts
     D:8: 1680 daAuts
  Lair:3: 1656 daAuts
    D:14: 1617 daAuts
  Lair:4: 1604 daAuts
Vaults:2: 1591 daAuts
   Orc:1: 1564 daAuts
Vaults:1: 1549 daAuts
Shoals:3: 1518 daAuts
  Lair:5: 1490 daAuts
   Orc:2: 1432 daAuts
 Snake:1: 1425 daAuts
     D:5: 1373 daAuts
